AoeStats
← TPE-床上小旋風

Nomad

505551610Analyzed
4v4 RM · 22d ago on Sep 9, 2026· 33m 25s· 8 players
Game mode
Random Map
Map size
231×231
Population
200
Speed
Normal
Resources
Standard
Victory
Conquest
Starting age
Dark Age
Ending age
Imperial Age
RankedLock teamsTeams togetherTeam positionsShared explorationLock speedFull tech treeHidden civsTurbo modeCheats
Victory
Defeat
🇵🇪 Japanese · Peru
1403
+12
🇦🇷 Vietnamese · Argentina
1401
+12
🇵🇪 Lithuanians · Peru
1386
+13
🇧🇷 Koreans · Brazil
1346
+14
🇧🇷 Chinese · Brazil
1389
-15
🇨🇴 Muisca · Colombia
1370
-15
🇷🇺 Huns · Russia
1287
-12
🇧🇷 Saracens · Brazil
1199
-9
Karzul
4:47 Loom
13:08 Feudal Age
17:10 Castle Age
18:57 Double-Bit Axe
19:01 Horse Collar
20:19 Fletching
20:52 Bow Saw
20:57 Bodkin Arrow
21:11 Gold Mining
28:00 Ballistics
31:11 Heavy Plow
34:54 Imperial Age
33:00 Wheelbarrow
ELBO | SirCaracol
5:22 Loom
12:40 Feudal Age
15:05 Forging
17:27 Wheelbarrow
17:37 Scale Barding Armor
20:27 Castle Age
19:50 Bloodlines
20:44 Fletching
21:01 Double-Bit Axe
20:43 Light Cavalry
22:03 Bow Saw
21:50 Bodkin Arrow
25:41 Padded Archer Armor
26:02 Chain Barding Armor
27:18 Leather Archer Armor
27:59 Thumb Ring
28:45 Husbandry
30:11 Ballistics
Bass
9:56 Loom
13:12 Feudal Age
14:05 Double-Bit Axe
14:56 Town Watch
15:03 Fletching
16:14 Horse Collar
18:11 Wheelbarrow
21:41 Castle Age
20:05 Gold Mining
22:48 Medium Warships
22:35 Bodkin Arrow
22:53 Bow Saw
23:15 Heavy Plow
25:53 Stone Mining
26:51 Hand Cart
28:51 Stone Shaft Mining
34:34 Imperial Age
MasteRk
4:13 Loom
13:30 Feudal Age
17:38 Castle Age
16:19 Forging
16:50 Double-Bit Axe
18:27 Bloodlines
19:17 Horse Collar
20:39 Fishing Lines
23:43 Scale Barding Armor
25:54 Chain Barding Armor
26:43 Stone Mining
28:09 Wheelbarrow
28:09 Gold Mining
29:02 Husbandry
28:58 Light Cavalry
30:39 Town Watch
34:39 Imperial Age
33:22 Iron Casting
33:37 Heavy Plow
GAX | Braant1
3:58 Loom
14:36 Feudal Age
16:02 Double-Bit Axe
19:24 Wheelbarrow
19:41 Fishing Lines
20:02 Town Watch
21:55 Gold Mining
22:19 Bloodlines
24:42 Castle Age
23:52 Scale Barding Armor
23:57 Forging
26:11 Chain Barding Armor
27:52 Husbandry
28:08 Bow Saw
Manueska
5:23 Loom
14:15 Feudal Age
19:35 Double-Bit Axe
25:12 Castle Age
28:38 Horse Collar
33:28 Bow Saw
TPE-床上小旋風
5:33 Loom
15:41 Feudal Age
17:02 Double-Bit Axe
19:18 Castle Age
18:11 Gold Mining
18:50 Fletching
20:07 Bodkin Arrow
20:13 Padded Archer Armor
21:53 Horse Collar
22:26 Bloodlines
28:37 Heavy Plow
32:42 Thumb Ring
GAX | Thui
4:50 Loom
14:04 Feudal Age
18:46 Castle Age
18:03 Stone Mining
18:25 Double-Bit Axe
18:50 Scale Barding Armor
18:57 Forging
21:20 Bow Saw
22:03 Gold Mining
29:17 Chain Barding Armor
32:08 Iron Casting
Connection lost

Rejoining the realm…

Still unreachable

The connection could not be restored.

Session expired

The server has moved on; the page needs a fresh start.